 Dungeon Crawl Stone Soup version 0.31-a0-237-g2d982f9f85 (webtiles) character file.

Game seed: 14520640176603177752

3439 cforsyth the Grappler (level 10, -3/91 HPs)
             Began as an Ogre Transmuter on July 11, 2023.
             Was a Believer of Okawaru.
             Slain by a troll (6 damage)
             ... on level 8 of the Dungeon.
             The game lasted 00:17:49 (10551 turns).

cforsyth the Grappler (Ogre Transmuter)            Turns: 10551, Time: 00:17:50

Health: -3/91      AC:  4    Str: 26    XL:     10   Next: 5%
Magic:  1/13       EV: 10    Int: 18    God:    Okawaru [**....]
Gold:   387        SH:  0    Dex:  9    Spells: 3/13 levels left

rFire   + .          .
                       - Unarmed
rCold   . . .        (no shield)
rNeg    . . .        a - +0 robe
rPois   +            (helmet restricted)
rElec   .            r - +0 cloak {Will+}
rCorr   .            (gloves unavailable)
SInv    +            (boots unavailable)
Will    ++...        s - amulet of the acrobat
Stlth   +            u - ring "Poim" {rPois rF+ Str+4 SInv}
HPRegen 0.35/turn    f - +6 ring of strength
MPRegen 0.13/turn

%: acrobat
@: about to teleport, very slightly contaminated
A: large, unfitting armour, tough skin 1
a: Renounce Religion, Heroism


You were on level 8 of the Dungeon.
You worshipped Okawaru.
Okawaru was pleased with you.
You visited 2 branches of the dungeon, and saw 9 of its levels.
You also visited: Sewer.

You collected 387 gold pieces.

Inventory:

Armour
 a - a +0 robe (worn)
 r - a +0 cloak of willpower (worn)
Jewellery
 c - a +6 ring of dexterity
 f - a +6 ring of strength (right hand)
 s - an amulet of the acrobat (around neck)
 u - the ring "Poim" (left hand) {rPois rF+ Str+4 SInv}
   (You found it on level 4 of the Dungeon)

   [ring of protection from fire]

   Str:       It affects your strength (+4).
   rF:        It protects you from fire.
   rPois:     It protects you from poison.
   SInv:      It lets you see invisible.
 y - a ring of see invisible
Wands
 e - a wand of digging (3)
 j - a wand of polymorph (3)
 p - a wand of flame (21)
Scrolls
 d - 9 scrolls of poison
 g - 2 scrolls of identify
 h - a scroll of enchant armour {unknown}
 m - a scroll of brand weapon
 q - a scroll of immolation
 w - a scroll of enchant weapon
 x - a scroll of vulnerability {unknown}
Potions
 b - 3 potions of lignification
 i - 2 potions of attraction
 k - a potion of cancellation
 l - a potion of heal wounds
 n - 3 potions of enlightenment
 o - 7 potions of curing
 v - 2 potions of mutation


   Skills:
 + Level 3.4 Fighting
 + Level 2.8 Dodging
 * Level 12.2 Unarmed Combat
 - Level 2.4 Spellcasting
 * Level 3.6 Transmutations


You had 3 spell levels left.
You knew the following spells:

 Your Spells              Type           Power      Damage    Failure   Level
a - Beastly Appendage     Tmut           30%        N/A       3%          1
b - Wereblood             Tmut           15%        N/A       6%          2
c - Spider Form           Tmut/Pois      8%         N/A       24%         3
d - Ice Form              Ice/Tmut       8%         N/A       63%         4

Your spell library contained the following spells:

 Spells                   Type           Power      Damage    Failure   Level
 Kiss of Death            Conj/Necr      8%         2d6       17%         1
 Magic Dart               Conj           8%         1d3       17%         1
 Searing Ray              Conj           4%         2d4       26%         2
 Ignite Poison            Fire/Tmut/Pois 6%         N/A       32%         3
 Confusing Touch          Hex            2%         N/A       45%         3
 Vhi's Electric Charge    Tloc/Air       4%         N/A       45%         3
 Dispel Undead            Necr           2%         3d7       86%         4
 Fulminant Prism          Conj/Hex       1%         3d5       86%         4
 Sticky Flame             Conj/Fire      2%         2d3       86%         4
 Arcjolt                  Conj/Air       1%         1d11      99%         5
 Fireball                 Conj/Fire      1%         3d3       99%         5
 Iskenderun's Battlesphe  Conj           2%         2d6       99%         5
 Conjure Ball Lightning   Conj/Air       1%         3x3d6     100%        6
 Eringya's Noxious Bog    Tmut/Pois      4%         4d6       100%        6
 Plasma Beam              Fire/Air       1%         2x1d11    100%        6
 Orb of Destruction       Conj           1%         9d5       100%        7
 Ignition                 Fire           1%         3d3       100%        8
 Summon Forest            Summ/Tloc      Unusable   N/A       N/A         5
 Summon Hydra             Summ           Unusable   N/A       N/A         7

Dungeon Overview and Level Annotations

Branches:
Dungeon (8/15)             Temple (1/1) D:4           Sewer (visited)
   Lair: D:8-11

Altars:
Ashenzari
Cheibriados
Dithmenos
Elyvilon
Fedhas
Gozag
Hepliaklqana
Kikubaaqudgha
Makhleb
Nemelex Xobeh
Okawaru
Qazlal
Ru
Trog
Uskayaw
Vehumet
Wu Jian
Yredelemnul
Zin
The Shining One

Shops:
D:4 *


Innate Abilities, Weirdness & Mutations

You are too large for most types of armour.
You have tough skin. (AC +1)


Message History

You miscast Spider Form.
Nothing appears to happen.
Unknown command.
Casting: Spider Form (dangerous; 24% risk of failure)
Confirm with . or Enter, or press ? or * to list all spells.
You miscast Spider Form.
Nothing appears to happen.
The troll bites you! The troll closely misses you. x2
You punch the troll!
The troll is moderately wounded.
The troll bites you! The troll claws you. x2
You punch the troll!
The troll is severely wounded.
The troll barely misses you. The troll claws you. The troll closely misses you.
Casting: Spider Form (dangerous; 24% risk of failure)
Confirm with . or Enter, or press ? or * to list all spells.
You miscast Spider Form.
Nothing appears to happen.
The troll closely misses you. x2; The troll claws you.
You closely miss the troll.
The troll is severely wounded.
You barely miss the troll.
The troll is severely wounded.
The troll bites you. The troll claws you! x2
You hit the troll.
The troll is severely wounded.
The troll bites you but does no damage. The troll claws you! x2
* * * LOW HITPOINT WARNING * * *
You barely miss the troll.
The troll is severely wounded.
The troll bites you!
* * * LOW HITPOINT WARNING * * *
The troll claws you!
* * * LOW HITPOINT WARNING * * *
The troll barely misses you.
You feel much better. The troll closely misses you. The troll claws you.
* * * LOW HITPOINT WARNING * * *
The troll claws you but does no damage.
As you read the scroll of teleportation, it crumbles to dust.
You feel strangely unstable. The troll bites you!
* * * LOW HITPOINT WARNING * * *
The troll barely misses you. The troll claws you.
You die...

#....'... #.#...
#.####...
.........#.# ####
#.#...#..#.# #
#.....#..#.# #
..#.#.#..#.# #
#.###.#.#.#..#.# #
#....T#.#.#..#.# #
#@#.#.#..#.#######
#........#........
#########.#######...
..........#######.##
.##...............#
#+###############


You could see a troll.

Vanquished Creatures
  A hornet (D:6)
  Grinder (D:4)
  Prince Ribbit (D:5)
  A wyvern (D:8)
  Menkaure (D:5)
  Duvessa (D:7)
  A water moccasin (D:6)
  2 ogres
  An orc warrior (D:5)
  2 phantoms
  2 centaurs (D:8)
  2 kobold brigands
  Blork the orc (D:5)
  4 bullfrogs
  2 scorpions (D:5)
  Dowan (D:7)
  4 killer bees
  2 howler monkeys (D:8)
  4 hounds
  4 jellies
  Crazy Yiuf (D:3)
  3 iguanas
  3 orc priests
  2 sleepcaps (D:5)
  Jessica (D:3)
  Ijyb (D:3)
  Terence (D:3)
  2 orc wizards
  3 gnolls (D:5)
  3 river rats (Sewer)
  12 adders
  2 white imps
  3 worms
  4 dart slugs
  15 orcs
  11 endoplasms
  2 giant cockroaches
  10 goblins
  3 hobgoblins
  9 jackals
  21 kobolds
  5 quokkas
  7 ball pythons
  3 bats
  6 frilled lizards
  8 rats
179 creatures vanquished.

Vanquished Creatures (others)
  A human (D:3)
1 creature vanquished.

Grand Total: 180 creatures vanquished

Notes
Turn   | Place    | Note
-------+----------+-------------------------------------------
     0 | D:1      | cforsyth the Ogre Transmuter began the quest for the Orb.
     0 | D:1      | Reached XP level 1. HP: 19/19 MP: 3/3
   168 | D:1      | Reached skill level 3 in Unarmed Combat
   176 | D:1      | Reached XP level 2. HP: 23/27 MP: 5/5
   840 | D:2      | Reached XP level 3. HP: 33/33 MP: 4/6
   929 | D:2      | Reached skill level 4 in Unarmed Combat
  1270 | D:2      | Reached XP level 4. HP: 40/41 MP: 7/7
  2205 | D:3      | Reached skill level 5 in Unarmed Combat
  2222 | D:3      | Found a glowing drain.
  2228 | D:3      | Reached XP level 5. HP: 42/48 MP: 6/8
  2237 | Sewer    | Entered a sewer
  2352 | Sewer    | Noticed a kobold brigand
  2365 | Sewer    | Killed a kobold brigand
  2383 | Sewer    | Reached XP level 6. HP: 22/55 MP: 7/9
  2504 | Sewer    | Learned a level 2 spell: Wereblood
  2508 | Sewer    | Learned a level 3 spell: Spider Form
  2526 | Sewer    | Found a glowing silver altar of Zin.
  2586 | D:3      | Reached skill level 6 in Unarmed Combat
  2606 | D:3      | Noticed Ijyb
  2620 | D:3      | Killed Ijyb
  2760 | D:3      | Found an ancient bone altar of Kikubaaqudgha.
  2761 | D:3      | Noticed a human
  2763 | D:3      | Killed a human
  3308 | D:3      | Noticed Jessica
  3314 | D:3      | Killed Jessica
  3411 | D:3      | Found a runed translucent door.
  3412 | D:3      | Noticed Crazy Yiuf
  3563 | D:3      | Noticed Terence
  3570 | D:3      | Killed Terence
  3667 | D:3      | Killed Crazy Yiuf
  3668 | D:3      | Reached skill level 7 in Unarmed Combat
  3668 | D:3      | Reached XP level 7. HP: 42/62 MP: 6/10
  3816 | D:4      | Found a glowing golden altar of the Shining One.
  4110 | D:4      | Found a white marble altar of Elyvilon.
  4214 | D:4      | Found Dazar's General Store.
  4388 | D:4      | Identified the ring "Poim" {rPois rF+ Str+4 SInv}
  4624 | D:4      | Found a staircase to the Ecumenical Temple.
  4773 | D:5      | Entered Level 5 of the Dungeon
  4773 | D:5      | Noticed Prince Ribbit
  4810 | Temple   | Entered the Ecumenical Temple
  5097 | D:5      | Reached skill level 8 in Unarmed Combat
  5147 | D:5      | Reached XP level 8. HP: 17/70 MP: 7/11
  5152 | D:5      | Noticed Grinder
  5426 | D:4      | Reached skill level 9 in Unarmed Combat
  5727 | D:4      | Killed Grinder
  6024 | D:5      | Noticed Blork the orc
  6032 | D:5      | Killed Blork the orc
  6035 | D:5      | Killed Prince Ribbit
  6035 | D:5      | Noticed Menkaure
  6036 | D:5      | Reached skill level 10 in Unarmed Combat
  6265 | D:5      | Killed Menkaure
  6431 | D:5      | Reached XP level 9. HP: 68/76 MP: 10/12
  6535 | D:5      | Found an opulent altar of Gozag.
  6698 | D:5      | Found an ornate altar of the Wu Jian Council.
  6698 | D:5      | Found a bloodstained altar of Trog.
  6723 | D:5      | Found an iron altar of Okawaru.
  6726 | D:5      | Found a snail-covered altar of Cheibriados.
  6838 | D:5      | Became a worshipper of Warmaster Okawaru
  7047 | D:6      | Noticed a hornet
  7165 | D:6      | Learned a level 4 spell: Ice Form
  7181 | D:6      | Reached skill level 11 in Unarmed Combat
  7267 | D:6      | Killed a hornet
  7267 | D:6      | Reached * piety under Okawaru
  7514 | D:5      | HP: 3/76 [poisoned by a killer bee]
  7713 | D:5      | Upgraded the game from 0.31-a0-236-g9a0961fb85 to
                  | 0.31-a0-237-g2d982f9f85
  8412 | D:7      | Found a sacrificial altar of Ru.
  8615 | D:7      | Found a radiant altar of Vehumet.
  8843 | D:7      | Noticed Dowan
  8845 | D:7      | Noticed Duvessa
  8900 | D:7      | Killed Duvessa
  8901 | D:7      | Reached skill level 12 in Unarmed Combat
  9405 | D:7      | Found a sacrificial altar of Ru.
  9530 | D:7      | Found a radiant altar of Vehumet.
  9753 | D:7      | Killed Dowan
  9893 | D:7      | Identified the +0 ring mail "Oqeidod" {+Blink rC- Slay+4
                  | Stlth+}
 10086 | D:8      | Reached ** piety under Okawaru
 10087 | D:8      | Reached XP level 10. HP: 80/91 MP: 13/13
 10330 | D:8      | Found a glowing silver altar of Zin.
 10551 | D:8      | HP: 3/91 [troll (15)]
 10551 | D:8      | Slain by a troll

Illustrated notes

Levels and vault maps discovered:
D:1:      saegor_arrival_miasma, layout_loops_ring, minmay_misc_feat_doors
D:2:      layout_basic, nrook_mini_backslash
D:3:      cheibrodos_fertilizer, layout_loops_corners, tgw_kikubaaqudgha,
          portal_sewer_entry_d, uniq_ijyb, uniq_terence, uniq_jessica,
          uniq_crazy_yiuf_cottage
D:4:      layout_loops_corners, tso_metal_star, mainiacjoe_overflow_alcove_1,
          temple_hall, serial_shops, shop
D:5:      layout_loops_cross, nicolae_gozag_cash_rules_everything_around_me,
          grunt_temple_overflow_cloverleaf, amethyst_killhole,
          guppyfry_early_orc_mine, uniq_menkaure, uniq_blork_the_orc,
          uniq_grinder, uniq_prince_ribbit1
D:6:      layout_cave_pools
D:7:      layout_basic, mainiacjoe_overflow_cross_hatched,
          mainiacjoe_overflow_surrounded_room, uniq_duvessa
D:8:      layout_basic, zin_treasury, serial_shops, shop, supply_closet_lemuel,
          nicolae_doodle_vault
Temple:   chequers_temple_sunken

Skill      XL: |  1  2  3  4  5  6  7  8  9 |
---------------+----------------------------+-----
Unarmed Combat | 3 4 5 7 8 10 12 | 12.2
Transmutations | 3 |  3.6
Dodging        | 2 |  2.8
Fighting       | 3 |  3.4
Spellcasting   | |  2.4

Action                     |  1- 3 |  4- 6 |  7- 9 | 10-12 || total
---------------------------+-------+-------+-------+-------++-------
  Melee: Unarmed           |    65 |   192 |   232 |    14 ||   503
         Kick              |    13 |    32 |    43 |       ||    88
         Headbutt          |     5 |    12 |    24 |       ||    41
         Punch             |     1 |     6 |     9 |       ||    16
   Cast: Beastly Appendage |    21 |    29 |    46 |       ||    96
         Wereblood         |       |     4 |     2 |       ||     6
         Spider Form       |       |       |     2 |     1 ||     3
         Ice Form          |       |       |     2 |       ||     2
  Evoke: Wand              |       |       |     1 |       ||     1
    Use: Scroll            |       |     1 |    11 |     1 ||    13
         Potion            |       |       |     1 |     1 ||     2
   Stab: Sleeping          |     1 |       |       |       ||     1
 Armour: Robe              |    12 |    62 |    39 |     2 ||   115
         Skin              |       |       |     3 |       ||     3
  Dodge: Dodged            |    33 |    82 |   130 |    18 ||   263

Table legend: (Time is in decaauts)
 A = Elapsed time spent in this place.
 B = Non-inter-level travel time spent in this place.
 C = Inter-level travel time spent in this place.
 D = Time resting spent in this place.
 E = Time spent auto-exploring this place.
 F = Levels seen in this place.
 G = Mean time per level.
                   A        B        C        D        E       F      G
               +--------+--------+--------+--------+--------+-----+--------+
         Total |  10486 |  10153 |    333 |   1578 |   6968 |  10 | 1048.6 |
       Dungeon |   9991 |   9659 |    332 |   1483 |   6668 |   8 | 1248.9 |
        Temple |    169 |    169 |      0 |      0 |    162 |   1 |  169.0 |
         Sewer |    325 |    325 |      0 |     95 |    138 |   1 |  325.0 |
               +--------+--------+--------+--------+--------+-----+--------+

Top non-repeatable levels by time:
     D:4: 1952 daAuts
     D:7: 1651 daAuts
     D:5: 1478 daAuts
     D:3: 1461 daAuts
     D:2: 1130 daAuts
     D:6: 858 daAuts
     D:1: 832 daAuts
     D:8: 626 daAuts
   Sewer: 325 daAuts
  Temple: 169 daAuts
